cohdb
Replays
Latest Replays
All Replays
Popular Replays
Top Player Replays
Match Explorer
How It Works
Community
CoH3 Stats
Reddit
Sign in to upload your games and track your stats! →
Sign in with Steam
Match 41120185
Unlisted
Match 41120185
Overview
Messages
Build Orders
End
Construct Barracks
Engineer Squad
Selects Heavy Weapons
Riflemen Squad
M1 Mortar Team
Air Support Center
Riflemen Squad
Construct Weapon Support Center
Grasshopper Recon Run
P-47 Strafing Run
Selects M2HB .50cal Heavy Machine Gun
P-47 Dive Bomb
Grasshopper Recon Run
M3 Armored Personnel Carrier
M1919 Machine Gun Team
P-47 Strafing Run
Selects Assault Carriers
Bazooka Squad
M1918 Browning Automatic Rifles
Selects Exchangeable Parts
Grasshopper Recon Run
P-47 Strafing Run
Scooter
Greenblade
attackhammer
nathannecro
Dumplings
Unsafe
0
0
Comments
sign in to comment!
No comments posted yet!